 Dungeon Crawl Stone Soup version 0.26.1-11-gd32895ea62 (webtiles) character file.

Game seed: 14571626036305765739

111 Zeld the Slasher (level 5, -1/38 HPs)
             Began as a Human Gladiator on June 4, 2021.
             Succumbed to a scorpion's poison
             ... on level 3 of the Dungeon.
             The game lasted 00:02:58 (3300 turns).

Zeld the Slasher (Human Gladiator)                  Turns: 3300, Time: 00:02:59

Health: -1/38      AC:  7    Str: 16    XL:     5   Next: 15%
Magic:  5/5        EV: 13    Int:  8    God:
Gold:   100        SH:  0    Dex: 14    Spells: 4/4 levels left

rFire    . . .     SeeInvis .   a - +0 long sword
rCold    . . .     Faith    .   (no shield)
rNeg     . . .     Spirit   .   b - +0 leather armour
rPois    .         Reflect  .   c - +0 helmet
rElec    .         Harm     .   (no cloak)
rCorr    .         Rampage  .   (no gloves)
Will     .....                  n - +2 pair of boots
Stlth    +.........             (no amulet)
HPRegen  0.12/turn              (no ring)
MPRegen  0.09/turn              (no ring)

@: lethally poisoned (-1 -> -13)
A: no striking features
a: no special abilities


You were on level 3 of the Dungeon.
You visited 1 branch of the dungeon, and saw 4 of its levels.

You collected 100 gold pieces.

Inventory:

Hand Weapons
 a - a +0 long sword (weapon)
Missiles
 d - 3 throwing nets
 o - 5 poisoned darts (quivered)
Armour
 b - a +0 leather armour (worn)
 c - a +0 helmet (worn)
 n - a +2 pair of boots (worn)
Jewellery
 e - an uncursed ring of stealth {unknown}
 f - a +6 ring of dexterity {unknown}
Scrolls
 i - a scroll of fear {unknown}
 j - a scroll of immolation {unknown}
 m - a scroll of amnesia {unknown}
Potions
 g - a potion of brilliance {unknown}
 h - 2 potions of heal wounds {unknown}
 k - a potion of ambrosia {unknown}
 l - a potion of resistance {unknown}
 p - a potion of magic {unknown}


   Skills:
 - Level 2.0 Fighting
 * Level 5.4 Long Blades
 - Level 2.0 Throwing
 - Level 3.0 Dodging


You had 4 spell levels left.
You didn't know any spells.
Your spell library was empty.

Dungeon Overview and Level Annotations

Branches:
Dungeon (4/15)
 Temple: D:4-7

Altars:
Makhleb
Xom

Annotations:
D:4 Edmund


Message History

The scorpion is moderately wounded.
* * * LOW HITPOINT WARNING * * *
You feel sick. The scorpion barely misses you.
You barely miss the scorpion.
The scorpion is moderately wounded.
* * * LOW HITPOINT WARNING * * *
You feel sick. The scorpion barely misses you.
You hit the scorpion.
The scorpion is heavily wounded.
* * * LOW HITPOINT WARNING * * *
You feel sick. The scorpion barely misses you.
You closely miss the scorpion.
The scorpion is heavily wounded.
* * * LOW HITPOINT WARNING * * *
You feel sick.
The scorpion stings you but does no damage.
Unknown command.
You slash the scorpion!
The scorpion is almost dead.
You die...

######.# #..# #.#.#
.......# #..# #.#.#
....##### #..## #.#.#
........# ##..# #.#.#
........# #..## #.#.#
........######...###.#.#
.....................#.#
....###########.s#####.#
....# ##@......# ....#
######### #####


You could see a scorpion.

Vanquished Creatures
  A hound (D:3)
  An adder (D:2)
  A shadow imp (D:3)
  An ooze (D:2)
  A worm (D:2)
  2 dart slugs
  A leopard gecko (D:1)
  2 orcs (D:3)
  A ball python (D:3)
  A giant cockroach (D:1)
  10 goblins
  5 hobgoblins
  3 quokkas
  3 bats
  5 frilled lizards
  4 kobolds
  6 rats
48 creatures vanquished.

Vanquished Creatures (others)
  4 toadstools (D:1)
4 creatures vanquished.

Grand Total: 52 creatures vanquished

Notes
Turn   | Place    | Note
-------+----------+-------------------------------------------
     0 | D:1      | Zeld the Human Gladiator began the quest for the Orb.
     0 | D:1      | Reached XP level 1. HP: 16/16 MP: 1/1
   261 | D:1      | Reached XP level 2. HP: 22/22 MP: 2/2
   494 | D:1      | Reached skill level 4 in Long Blades
   494 | D:1      | Reached XP level 3. HP: 21/27 MP: 3/3
   666 | D:1      | Found an iron altar of Okawaru.
   668 | D:1      | Found a hazy altar of Hepliaklqana.
   668 | D:1      | Found a burning altar of Makhleb.
   674 | D:1      | Found an iron altar of Okawaru.
   674 | D:1      | Found a hazy altar of Hepliaklqana.
   674 | D:1      | Found a shimmering altar of Xom.
  1575 | D:2      | Reached XP level 4. HP: 33/33 MP: 4/4
  1995 | D:3      | Reached skill level 5 in Long Blades
  2082 | D:3      | Reached XP level 5. HP: 37/38 MP: 5/5
  2909 | D:4      | Noticed an ogre
  2910 | D:4      | Noticed Edmund
  3299 | D:3      | HP: 1/38 [poisoned by a scorpion]
  3300 | D:3      | Succumbed to a scorpion's poison

Illustrated notes

Levels and vault maps discovered:
D:1:      ldierk_walled_garden_2, layout_loops_ring, doesnt_xom_only_xom
D:2:      layout_loops_ring, kennysheep_nondescript, dk_vineyard_3
D:3:      layout_basic
D:4:      old_forge, layout_layer_cave, serial_glass, glass_columns_c,
          glass_columns_a, serial_shops, shop, minmay_misc_feat_cross,
          uniq_edmund

Skill      XL: |  1  2  3  4 |
---------------+-------------+-----
Long Blades    | 4 5 |  5.4
Fighting       | |  2.0
Throwing       | |  2.0
Dodging        | |  3.0

Action                   |  1- 3 |  4- 6 || total
-------------------------+-------+-------++-------
Melee: Long sword        |    87 |    68 ||   155
 Stab: Sleeping          |     2 |       ||     2
Armor: Leather armour    |    21 |    25 ||    46
Dodge: Dodged            |    62 |    58 ||   120
       Rpst.: Long sword |    19 |    13 ||    32
